IL
OMAHA STORM CHASERS @ TOLEDO MUD HENS
04/24/2046
 
TOP OF THE 1ST
Omaha Storm Chasers batting - Pitching for Toledo Mud Hens : RHP Ricky Tercero
Pitching: RHP Ricky Tercero
Batting: RHB Matt Belgard 0-0: Ball
1-0: Fly out, F7 (Flyball, 78S, EV 85.0 MPH)
Batting: LHB Roman Downey 0-0: Ball
1-0: Foul Ball, location: 2F
1-1: Ground out U3 (Groundball, 3, EV 101.9 MPH)
Batting: RHB Adam Martin 0-0: Ball
1-0: Called Strike
1-1: SINGLE (Groundball, 56D, EV 104.4 MPH)
Batting: LHB Pete Hansel 0-0: Called Strike
0-1: Ball
1-1: Called Strike
1-2: Strikes out swinging
Top of the 1st over - 0 runs, 1 hit, 0 errors, 1 left on base; Omaha 0 - Toledo 0
BOTTOM OF THE 1ST
Toledo Mud Hens batting - Pitching for Omaha Storm Chasers : LHP Walter Whiteman
Pitching: LHP Walter Whiteman
Batting: SHB Adam Weber 0-0: Called Strike
0-1: Ball
1-1: Foul Ball, location: 2F
1-2: Ball
2-2: Ball
3-2: DOUBLE (Line Drive, 8RD, EV 101.9 MPH)
Batting: LHB Conrad Taylor 0-0: Ball
1-0: Foul Ball, location: 2F
1-1: Ground out 4-3 (Groundball, 4, EV 108.8 MPH)
Adam Weber to third
Batting: RHB J.J. Basil 0-0: Ball
1-0: Called Strike
1-1: Ground out 3-1 (Groundball, 34, EV 81.2 MPH)
Adam Weber scores
Batting: LHB Tyler Davis 0-0: Ball
1-0: Foul Ball, location: 2F
1-1: Fly out, F7 (Flyball, 7, EV 91.2 MPH)
Bottom of the 1st over - 1 run, 1 hit, 0 errors, 0 left on base; Omaha 0 - Toledo 1
TOP OF THE 2ND
Omaha Storm Chasers batting - Pitching for Toledo Mud Hens : RHP Ricky Tercero
Batting: LHB Danny Bailey 0-0: SINGLE (Groundball, 6, EV 97.5 MPH)
Batting: RHB Walt Cogswell 0-0: Foul Ball, location: 2F
0-1: Called Strike
0-2: Ball
1-2: Foul Ball, location: 2F
1-2: Ball
2-2: Grounds into double play, 6-4-3 (Groundball, 6, EV 80.0 MPH)
Batting: LHB Robby Diaz 0-0: Called Strike
0-1: Ball
1-1: Foul Ball, location: 2F
1-2: Strikes out swinging
Top of the 2nd over - 0 runs, 1 hit, 0 errors, 0 left on base; Omaha 0 - Toledo 1
BOTTOM OF THE 2ND
Toledo Mud Hens batting - Pitching for Omaha Storm Chasers : LHP Walter Whiteman
Batting: SHB Ross Holland 0-0: Foul Ball, location: 2F
0-1: Swinging Strike
0-2: Ball
1-2: Foul Ball, location: 2F
1-2: Ground out U3 (Groundball, 34, EV 103.1 MPH)
Batting: SHB Andy Vivas 0-0: Called Strike
0-1: DOUBLE (Line Drive, 78M, EV 107.5 MPH)
Batting: RHB Brady Jeleniewski 0-0: Foul Ball, location: 2F
0-1: Ground out 5-3 (Groundball, 56, EV 80.6 MPH)
Batting: RHB Joel Miller 0-0: Foul Ball, location: 2F
0-1: SINGLE (Groundball, 6MD, EV 103.8 MPH)
Andy Vivas to third
Runner from 3rd tries for Home, SAFE, throw by CF to home
Joel Miller to second
Batting: RHB Keith Hoffman 0-0: Called Strike
0-1: Ball
1-1: Called Strike
1-2: Strikes out looking
Bottom of the 2nd over - 1 run, 2 hits, 0 errors, 1 left on base; Omaha 0 - Toledo 2
TOP OF THE 3RD
Omaha Storm Chasers batting - Pitching for Toledo Mud Hens : RHP Ricky Tercero
Batting: RHB Marco Diaz 0-0: Called Strike
0-1: Ball
1-1: DOUBLE (Groundball, 3L, EV 111.2 MPH)
Batting: RHB Jerry Castillo 0-0: Ball
1-0: Foul Ball, location: 2F
1-1: Swinging Strike
1-2: Strikes out swinging
Batting: RHB Matt Belgard 0-0: Ball
1-0: Called Strike
1-1: SINGLE (Line Drive, 9LM, EV 110.0 MPH)
Marco Diaz to third
Runner from 3rd tries for Home, SAFE, throw by RF to home
Batting: LHB Roman Downey 0-0: Ball
1-0: Ball
Matt Belgard is caught stealing 2nd base 2-6
2-0: Called Strike
2-1: Foul Ball, location: 2F
2-2: Ground out U3 (Groundball, 3L, EV 83.8 MPH)
Top of the 3rd over - 1 run, 2 hits, 0 errors, 0 left on base; Omaha 1 - Toledo 2
BOTTOM OF THE 3RD
Toledo Mud Hens batting - Pitching for Omaha Storm Chasers : LHP Walter Whiteman
Batting: SHB Adam Weber 0-0: Foul Ball, location: 2F
0-1: Called Strike
0-2: Ball
1-2: Foul Ball, location: 2F
1-2: Ball
2-2: Strikes out looking
Batting: LHB Conrad Taylor 0-0: Foul Ball, location: 2F
0-1: Ball
1-1: SINGLE (Groundball, 6D, EV 95.0 MPH)
Batting: RHB J.J. Basil 0-0: Ball
1-0: Called Strike
1-1: Foul Ball, location: 2F
1-2: DOUBLE (Flyball, 8RXD, EV 101.9 MPH)
Conrad Taylor to third
Batting: LHB Tyler Davis 0-0: Ground out 4-3 (Groundball, 4, EV 78.8 MPH)
Conrad Taylor scores
J.J. Basil to third
Batting: SHB Ross Holland 0-0: Called Strike
0-1: Called Strike
0-2: Ball
1-2: Foul Ball, location: 2F
1-2: Strikes out swinging
Bottom of the 3rd over - 1 run, 2 hits, 0 errors, 1 left on base; Omaha 1 - Toledo 3
TOP OF THE 4TH
Omaha Storm Chasers batting - Pitching for Toledo Mud Hens : RHP Ricky Tercero
Batting: RHB Adam Martin 0-0: Ball
1-0: Called Strike
1-1: Ball
2-1: Called Strike
2-2: Ball
3-2: Base on Balls
Batting: LHB Pete Hansel 0-0: Ball
1-0: Foul Ball, location: 2F
1-1: Called Strike
1-2: Strikes out swinging
Batting: LHB Danny Bailey 0-0: Fly out, F6 (Popup, 6MD, EV 55.6 MPH)
Batting: RHB Walt Cogswell 0-0: Ball
1-0: DOUBLE (Flyball, 89D, EV 96.9 MPH)
Adam Martin to third
Batting: LHB Robby Diaz 0-0: Ball
1-0: Ball
2-0: Ball
3-0: Called Strike
3-1: Called Strike
3-2: Ground out 4-3 (Groundball, 34D, EV 86.2 MPH)
Top of the 4th over - 0 runs, 1 hit, 0 errors, 2 left on base; Omaha 1 - Toledo 3
BOTTOM OF THE 4TH
Toledo Mud Hens batting - Pitching for Omaha Storm Chasers : LHP Walter Whiteman
Batting: SHB Andy Vivas 0-0: DOUBLE (Flyball, 78D, EV 100.6 MPH)
Batting: RHB Brady Jeleniewski 0-0: Ground out 5-3 (Groundball, 56S, EV 85.0 MPH)
Batting: RHB Joel Miller 0-0: Ball
1-0: Foul Ball, location: 2F
1-1: Ball
2-1: Ground out 3-1 (Groundball, 34, EV 108.1 MPH)
Andy Vivas to third
Batting: RHB Keith Hoffman 0-0: Called Strike
0-1: Ball
1-1: Ground out 5-3 (Groundball, 56, EV 104.4 MPH)
Bottom of the 4th over - 0 runs, 1 hit, 0 errors, 1 left on base; Omaha 1 - Toledo 3
TOP OF THE 5TH
Omaha Storm Chasers batting - Pitching for Toledo Mud Hens : RHP Ricky Tercero
Batting: RHB Marco Diaz 0-0: Ball
1-0: Swinging Strike
1-1: Foul Ball, location: 2F
1-2: Fly out, F8 (Flyball, 8LM, EV 81.2 MPH)
Batting: RHB Jerry Castillo 0-0: Called Strike
0-1: Ball
1-1: Called Strike
1-2: Ball
2-2: Foul Ball, location: 2F
2-2: Ball
3-2: Fly out, F7 (Flyball, 7D, EV 94.4 MPH)
Batting: RHB Matt Belgard 0-0: Called Strike
0-1: Called Strike
0-2: Ball
1-2: Ground out 1-3 (Groundball, 13S, EV 72.5 MPH)
Top of the 5th over - 0 runs, 0 hits, 0 errors, 0 left on base; Omaha 1 - Toledo 3
BOTTOM OF THE 5TH
Toledo Mud Hens batting - Pitching for Omaha Storm Chasers : LHP Walter Whiteman
Batting: SHB Adam Weber 0-0: Called Strike
0-1: Ball
1-1: Ball
2-1: SINGLE (Groundball, 56, EV 110.0 MPH) (infield hit)
Batting: LHB Conrad Taylor 0-0: Ball
1-0: Swinging Strike
1-1: Called Strike
Adam Weber steals 2nd base
1-2: Ball
2-2: Ball
3-2: SINGLE (Line Drive, 9S, EV 94.4 MPH)
Adam Weber to third
Runner from 3rd tries for Home, SAFE, throw by RF to home
Conrad Taylor to second
Batting: RHB J.J. Basil 0-0: Called Strike
0-1: Called Strike
0-2: Ball
1-2: Strikes out swinging
Batting: LHB Tyler Davis 0-0: Called Strike
0-1: Ball
1-1: Foul Ball, location: 2F
1-2: Ball
2-2: Fly out, F5 (Popup, 5F, EV 66.9 MPH)
Batting: SHB Ross Holland 0-0: Called Strike
0-1: Ground out 4-3 (Groundball, 4, EV 80.0 MPH)
Bottom of the 5th over - 1 run, 2 hits, 0 errors, 1 left on base; Omaha 1 - Toledo 4
TOP OF THE 6TH
Omaha Storm Chasers batting - Pitching for Toledo Mud Hens : RHP Ricky Tercero
Batting: LHB Roman Downey 0-0: Ball
1-0: Ball
2-0: Ball
3-0: Base on Balls
Batting: RHB Adam Martin 0-0: Grounds into double play, 6-4-3 (Groundball, 6, EV 90.6 MPH)
Batting: LHB Pete Hansel 0-0: SINGLE (Groundball, 4MD, EV 98.1 MPH)
Batting: LHB Danny Bailey 0-0: Ground out 4-3 (Groundball, 4, EV 80.6 MPH)
Top of the 6th over - 0 runs, 1 hit, 0 errors, 1 left on base; Omaha 1 - Toledo 4
BOTTOM OF THE 6TH
Toledo Mud Hens batting - Pitching for Omaha Storm Chasers : LHP Walter Whiteman
Pitching: RHP Brian Straub
Batting: SHB Andy Vivas 0-0: Ball
1-0: Swinging Strike
1-1: Foul Ball, location: 2F
1-2: SINGLE (Groundball, 6D, EV 95.0 MPH)
Batting: RHB Brady Jeleniewski 0-0: Fly out, F8 (Flyball, 78M, EV 96.9 MPH)
Batting: RHB Joel Miller 0-0: Ball
1-0: Called Strike
1-1: Foul Ball, location: 2F
1-2: SINGLE (Line Drive, 5L, EV 102.5 MPH)
Andy Vivas to second
Batting: RHB Keith Hoffman 0-0: Ball
1-0: Foul Ball, location: 2F
1-1: SINGLE (Flyball, 9LM, EV 90.6 MPH)
Andy Vivas to third
Joel Miller to second
Batting: SHB Adam Weber 0-0: Grounds into fielders choice 4-2 (Groundball, 4, EV 104.4 MPH)
Joel Miller to third
Keith Hoffman to second
Batting: LHB Conrad Taylor 0-0: Called Strike
0-1: Ball
1-1: SINGLE (Groundball, 6, EV 99.4 MPH) (infield hit)
Joel Miller scores
Keith Hoffman to third
Adam Weber to second
Batting: RHB J.J. Basil 0-0: Foul Ball, location: 2F
0-1: Ball
1-1: Ball
2-1: Foul Ball, location: 2F
2-2: Ball
3-2: Base on Balls
Keith Hoffman scores
Adam Weber to third
Conrad Taylor to second
Batting: LHB Tyler Davis 0-0: Called Strike
0-1: Ball
1-1: Foul Ball, location: 2F
1-2: Foul Ball, location: 2F
1-2: Foul Ball, location: 2F
1-2: Ball
2-2: Fly out, F7 (Flyball, 7S, EV 83.1 MPH)
Bottom of the 6th over - 2 runs, 4 hits, 0 errors, 3 left on base; Omaha 1 - Toledo 6
TOP OF THE 7TH
Omaha Storm Chasers batting - Pitching for Toledo Mud Hens : RHP Ricky Tercero
Batting: RHB Walt Cogswell 0-0: Ball
1-0: SOLO HOME RUN (Flyball, 78XD, EV 98.8 MPH), Distance : 407 ft
Batting: LHB Robby Diaz 0-0: Ball
1-0: Ball
2-0: Foul Ball, location: 2F
2-1: SOLO HOME RUN (Flyball, 9D, EV 94.4 MPH), Distance : 373 ft
Batting: RHB Marco Diaz 0-0: Ball
1-0: Called Strike
1-1: Ball
2-1: Swinging Strike
2-2: Ball
3-2: Base on Balls
Batting: RHB Jerry Castillo 0-0: Bunted foul
0-1: Sac Bunt to P - play at first, batter OUT! 1-3
Marco Diaz to second
Batting: RHB Matt Belgard 0-0: Foul Ball, location: 2F
0-1: Ball
1-1: Ground out 5-3 (Groundball, 56S, EV 70.6 MPH)
Marco Diaz to third
Pitching: RHP Gordie Pierson
Batting: LHB Roman Downey 0-0: Ball
1-0: Ground out 4-3 (Groundball, 4, EV 105.0 MPH)
Top of the 7th over - 2 runs, 2 hits, 0 errors, 1 left on base; Omaha 3 - Toledo 6
BOTTOM OF THE 7TH
Toledo Mud Hens batting - Pitching for Omaha Storm Chasers : RHP Brian Straub
Pitching: RHP Terry Romaine
Batting: SHB Ross Holland 0-0: Foul Ball, location: 2F
0-1: Ground out 6-3 (Groundball, 6, EV 90.0 MPH)
Batting: SHB Andy Vivas 0-0: Foul Ball, location: 2F
0-1: Ball
1-1: Called Strike
1-2: Ball
2-2: Strikes out swinging
Batting: RHB Brady Jeleniewski 0-0: Ball
1-0: Called Strike
1-1: Fly out, F8 (Flyball, 8RXD, EV 101.9 MPH)
Bottom of the 7th over - 0 runs, 0 hits, 0 errors, 0 left on base; Omaha 3 - Toledo 6
TOP OF THE 8TH
Omaha Storm Chasers batting - Pitching for Toledo Mud Hens : RHP Gordie Pierson
Batting: RHB Adam Martin 0-0: Ball
1-0: Ball
2-0: Ball
3-0: Called Strike
3-1: Base on Balls
Batting: LHB Pete Hansel 0-0: Called Strike
0-1: Called Strike
0-2: Ball
1-2: Strikes out swinging
Batting: LHB Danny Bailey 0-0: Called Strike
0-1: Ball
1-1: Foul Ball, location: 2F
1-2: Ball
2-2: Fielders Choice at 2nd, 5-4 (Groundball, 56, EV 103.8 MPH)
Batting: RHB Walt Cogswell 0-0: Ball
1-0: Called Strike
1-1: Called Strike
1-2: Foul Ball, location: 2F
1-2: Ball
2-2: Strikes out swinging
Top of the 8th over - 0 runs, 0 hits, 0 errors, 1 left on base; Omaha 3 - Toledo 6
BOTTOM OF THE 8TH
Toledo Mud Hens batting - Pitching for Omaha Storm Chasers : RHP Terry Romaine
Batting: RHB Joel Miller 0-0: Swinging Strike
0-1: Ball
1-1: Ground out 6-3 (Groundball, 6, EV 81.9 MPH)
Batting: RHB Keith Hoffman 0-0: SINGLE (Groundball, 56D, EV 105.0 MPH)
Batting: SHB Adam Weber 0-0: Ball
1-0: Ball
2-0: Foul Ball, location: 2F
2-1: Foul Ball, location: 2F
2-2: Foul Ball, location: 2F
2-2: Foul Ball, location: 2F
2-2: Strikes out swinging
Batting: LHB Conrad Taylor 0-0: Foul Ball, location: 2F
0-1: Ball
1-1: Swinging Strike
1-2: Strikes out swinging
Bottom of the 8th over - 0 runs, 1 hit, 0 errors, 1 left on base; Omaha 3 - Toledo 6
TOP OF THE 9TH
Omaha Storm Chasers batting - Pitching for Toledo Mud Hens : RHP Gordie Pierson
Pitching: RHP Josh Wollaston
Batting: LHB Robby Diaz 0-0: Called Strike
0-1: Foul Ball, location: 2F
0-2: Ball
1-2: Ball
2-2: SINGLE (Flyball, 4D, EV 93.8 MPH)
Batting: RHB Marco Diaz 0-0: Ball
1-0: Ball
2-0: Foul Ball, location: 2F
2-1: Ball
3-1: Fly out, F8 (Flyball, 8RD, EV 95.0 MPH)
Batting: RHB Jerry Castillo 0-0: Ball
1-0: Ball
Passed Ball!
Robby Diaz to second
2-0: Ball
3-0: Foul Ball, location: 2F
3-1: Base on Balls
Batting: RHB Matt Belgard 0-0: Called Strike
0-1: Swinging Strike
0-2: Ball
1-2: Strikes out swinging
Batting: LHB Roman Downey 0-0: SINGLE (Line Drive, 7S, EV 91.2 MPH)
Robby Diaz to third
Jerry Castillo to second
Batting: RHB Adam Martin 0-0: GRAND SLAM HOME RUN (Line Drive, 7D, EV 100.0 MPH), Distance : 374 ft
Pitching: RHP Chris Haselhorst
Batting: LHB Pete Hansel 0-0: SINGLE (Groundball, 34D, EV 96.9 MPH)
Batting: LHB Danny Bailey 0-0: Ball
Pete Hansel steals 2nd base
1-0: Called Strike
1-1: Ball
2-1: Foul Ball, location: 2F
2-2: Foul Ball, location: 2F
2-2: Ball
3-2: Base on Balls
Batting: RHB Walt Cogswell 0-0: Ball
1-0: Called Strike
1-1: Foul Ball, location: 2F
1-2: Strikes out swinging
Top of the 9th over - 4 runs, 4 hits, 0 errors, 2 left on base; Omaha 7 - Toledo 6
BOTTOM OF THE 9TH
Toledo Mud Hens batting - Pitching for Omaha Storm Chasers : RHP Terry Romaine
Pitching: LHP Anton Erlykov
Batting: RHB J.J. Basil 0-0: Ball
1-0: Ball
2-0: Ground out 1-3 (Groundball, 34S, EV 62.5 MPH)
Batting: LHB Tyler Davis 0-0: Ball
1-0: Ball
2-0: Ball
3-0: Called Strike
3-1: Foul Ball, location: 2F
3-2: Fly out, F5 (Popup, 25F, EV 93.8 MPH)
Batting: SHB Ross Holland 0-0: Ball
1-0: Foul Ball, location: 2F
1-1: Ball
2-1: Ground out 4-3 (Groundball, 4, EV 85.6 MPH)
Bottom of the 9th over - 0 runs, 0 hits, 0 errors, 0 left on base; Omaha 7 - Toledo 6
Tuesday, September 13th , 2022 - OOTP Baseball 23.7 Build 88